 Dungeon Crawl Stone Soup version 0.29-a0-303-ge4682ce883 (webtiles) character file.

Game seed: 13523859710034673288

17 kae the Firebug (level 2, -1/16 HPs)
             Began as a Tengu Fire Elementalist on Mar 25, 2022.
             Slain by an endoplasm (3 damage)
             ... on level 2 of the Dungeon.
             The game lasted 00:00:38 (656 turns).

kae the Firebug (Tengu Fire Elementalist)            Turns: 656, Time: 00:00:39

Health: -1/16      AC:  2    Str:  5 (8)  XL:     2   Next: 62%
Magic:  6/6        EV: 12    Int: 12 (15) God:
Gold:   10         SH:  0    Dex: 13 (14) Spells: 4/5 levels left

rFire   . . .      SeeInvis .   (no weapon)
rCold   . . .      Faith    .   (no shield)
rNeg    . . .      Spirit   .   a - +0 robe
rPois   .          Reflect  .   (helmet restricted)
rElec   .          Harm     .   (no cloak)
rCorr   .          Rampage  .   (no gloves)
Will    .....                   (boots unavailable)
Stlth   ++........              (no amulet)
HPRegen 0.05/turn               (no ring)
MPRegen 0.10/turn               (no ring)

@: no status effects
A: beak, talons 3
a: no special abilities


You were on level 2 of the Dungeon.
You visited 1 branch of the dungeon, and saw 2 of its levels.

You collected 10 gold pieces.

Inventory:

Armour
 a - a +0 robe (worn)
Wands
 d - a wand of acid (8)
Potions
 b - a potion of magic


   Skills:
 + Level 0.5 Fighting
 + Level 0.7 Armour
 + Level 2.3 Dodging
 - Level 2.0 Stealth
 + Level 2.1 Spellcasting
 + Level 1.7 Conjurations
 * Level 3.6 Fire Magic


You had 4 spell levels left.
You knew the following spells:

 Your Spells              Type           Power      Damage    Failure   Level
a - Foxfire               Conj/Fire      28%        2x1d5     9%          1

Your spell library contained the following spells:

 Spells                   Type           Power      Damage    Failure   Level
 Scorch                   Fire           18%        2d5       10%         2
 Conjure Flame            Conj/Fire      7%         6-21      26%         3
 Inner Flame              Hex/Fire       5%         N/A       36%         3
 Flame Wave               Conj/Fire      7%         2d5       65%         4


Dungeon Overview and Level Annotations

Branches:
Dungeon (2/15)

Altars:


Innate Abilities, Weirdness & Mutations

You have a beak for a mouth.
You have claws for feet.


Message History

Your foxfire dissipates!
You start resting.
Magic restored.
HP restored.
You see here a staff of death.
There is a stone staircase leading up, spattered with blood here.
Things that are here:
3 stones; a +0 dagger; a kobold skeleton You climb upwards.
A hobgoblin comes into view.
The endoplasm barely misses you. The hobgoblin hits you.
The endoplasm closely misses you. The hobgoblin hits you.
There is a stone staircase leading down here.
You can't go up here!
The hobgoblin shouts!
The endoplasm freezes you.
You are frozen.
The endoplasm hits you. The hobgoblin closely misses you.
You climb downwards.
There is a stone staircase leading up, spattered with blood here.
Things that are here:
3 stones; a +0 dagger; a kobold skeleton The hobgoblin attacks as you move away!
The hobgoblin closely misses you. The endoplasm hits you.
Found a barding.
It was a potion of degeneration.
There was something very wrong with that liquid.
You feel weakened.
You feel dopey.
You feel clumsy. The endoplasm hits you.
* * * LOW HITPOINT WARNING * * *
You aren't carrying any scrolls.
Okay, then.
Aiming: Corrosive Bolt
Press: ? - help, Shift-Dir - straight line
Okay, then.
Aiming: Corrosive Bolt
Press: ? - help, Shift-Dir - straight line The bolt of acid hits the endoplasm.
The endoplasm completely resists.
The bolt of acid hits the endoplasm.
The endoplasm completely resists.
The endoplasm hits you.
You die...

############
#...........
#.|......#
#........#
####........#
............########
######......@.......
##...#J#..#####
##..gJ#[.#
##.[<#..#######.#
##÷.#........#.#
##.#.....##.#.#
#.#...#.##.#.#
#÷#####.##.#.#
#..§§.#.##.#.#


You could see 2 endoplasms and a hobgoblin.

Vanquished Creatures
  An adder (D:2)
  A bat (D:2)
  An endoplasm (D:2)
  2 jackals (D:2)
  2 frilled lizards (D:2)
  2 kobolds (D:2)
9 creatures vanquished.

Vanquished Creatures (others)
  30 foxfires (D:2)
30 creatures vanquished.

Grand Total: 39 creatures vanquished

Notes
Turn   | Place    | Note
-------+----------+-------------------------------------------
     0 | D:1      | kae the Tengu Fire Elementalist began the quest for the
                  | Orb.
     0 | D:1      | Reached XP level 1. HP: 10/10 MP: 4/4
    35 | D:1      | You fall into a shaft and drop 1 floor!
    45 | D:2      | Reached XP level 2. HP: 12/15 MP: 1/6
   656 | D:2      | Slain by an endoplasm

Illustrated notes

Levels and vault maps discovered:
D:1:      elethiomel_arrival_quiet, layout_basic
D:2:      kennysheep_big_flooded_room, layout_basic, uniq_robin

Action                   || total
-------------------------++-------
Melee: Unarmed           ||     1
 Cast: Foxfire           ||    18
Evoke: Wand              ||     1
  Use: Potion            ||     1
Armor: Robe              ||     3
Dodge: Dodged            ||    12

Table legend: (Time is in decaauts)
 A = Elapsed time spent in this place.
 B = Non-inter-level travel time spent in this place.
 C = Inter-level travel time spent in this place.
 D = Time resting spent in this place.
 E = Time spent auto-exploring this place.
 F = Levels seen in this place.
 G = Mean time per level.
                   A        B        C        D        E       F      G
               +--------+--------+--------+--------+--------+-----+--------+
         Total |    657 |    650 |      7 |    294 |    260 |   2 |  328.5 |
       Dungeon |    657 |    650 |      7 |    294 |    260 |   2 |  328.5 |
               +--------+--------+--------+--------+--------+-----+--------+

Top non-repeatable levels by time:
     D:2: 617 daAuts
     D:1: 40 daAuts
